 Dungeon Crawl Stone Soup version 0.24-a0-500-g46574c2197 (webtiles) character file.

Game seed: 2119260291781091119

2671 KristoblXynda the Carver (level 9, -10/66 HPs)
             Began as a Black Draconian Monk on July 15, 2019.
             Was a Priest of Hepliaklqana.
             Mangled by an orc warrior
             ... wielding a +0 glaive
              (20 damage)
             ... on level 7 of the Dungeon.
             The game lasted 00:12:03 (7013 turns).

KristoblXynda the Carver (Black Draconian Monk)     Turns: 7013, Time: 00:12:04

Health: -10/66     AC: 10    Str: 14    XL:     9   Next: 37%
Magic:  12/12      EV: 16    Int: 13    God:    Hepliaklqana [***...]
Gold:   415        SH:  0    Dex: 14    Spells: 8/8 levels left

rFire    . . .     SeeInvis .   s - +4 scythe (freeze)
rCold    . . .     Gourm    +   (shield currently unavailable)
rNeg     . . .     Faith    .   (armour unavailable)
rPois    .         Spirit   .   (helmet restricted)
rElec    +         Reflect  .   (no cloak)
rCorr    .         Harm     .   c - +1 pair of gloves
MR       .....                  u - +0 pair of boots
Stlth    ++........             l - amulet of the gourmand
HPRegen  0.21/turn              y - ring of flight
MPRegen  0.13/turn              (no ring)

@: no status effects
A: breathe lightning, unfitting armour, reduced essence, electricity resistance,
cold-blooded, AC +7
a: Breathe Lightning, Recall Ancestor, Ancestor Identity, Transference, Renounce
Religion, Evoke Flight


You were on level 7 of the Dungeon.
You worshipped Hepliaklqana.
Hepliaklqana was most pleased with you.
You were very full.

You visited 2 branches of the dungeon, and saw 8 of its levels.
You also visited: Sewer.

You collected 415 gold pieces.

Inventory:

Hand Weapons
 a - a +0 falchion
 s - a +4 scythe of freezing (weapon)
Armour
 c - a +1 pair of gloves (worn)
 u - a +0 pair of boots (worn)
Jewellery
 l - an amulet of the gourmand (around neck)
 q - an uncursed ring of ice
 y - a ring of flight (left hand)
Wands
 i - a wand of scattershot (9)
 C - a wand of enslavement (6)
Scrolls
 d - 10 scrolls of remove curse
 h - 2 scrolls of enchant armour
 v - 2 scrolls of teleportation
Potions
 e - 3 potions of haste
 g - a potion of lignification {unknown}
 k - 2 potions of ambrosia
 m - a potion of agility
 o - a potion of flight
 r - 4 potions of mutation
 w - a potion of cancellation {unknown}
 x - a potion of heal wounds
Comestibles
 b - 19 rations


   Skills:
 - Level 5.0 Fighting
 + Level 8.7 Long Blades
 + Level 6.5 Dodging
 - Level 2.0 Stealth
 + Level 4.0 Invocations
 + Level 5.2 Evocations


You had 8 spell levels left.
You didn't know any spells.
Your spell library contained the following spells:

 Spells                   Type           Power        Failure   Level  Hunger
 Magic Dart               Conj           #...         30%         1    ##.....
 Searing Ray              Conj           #.....       43%         2    ###....
 Dazzling Spray           Conj/Hex       #.....       67%         3    ####...
 Force Lance              Conj/Tloc      #.......     97%         4    #####..
 Fulminant Prism          Conj/Hex       #.........   97%         4    #####..
 Iskenderun's Mystic Bla  Conj           #.......     97%         4    #####..


Dungeon Overview and Level Annotations

Branches:
Dungeon (7/15)             Temple (1/1) D:6

Altars:
Ashenzari
Cheibriados
Dithmenos
Elyvilon
Fedhas
Gozag
Hepliaklqana
Kikubaaqudgha
Makhleb
Nemelex Xobeh
Okawaru
Sif Muna
Trog
Uskayaw
Vehumet
Wu Jian
Xom
Yredelemnul
Zin
The Shining One

Shops:
D:6 %


Innate Abilities, Weirdness & Mutations

You can breathe wild blasts of lightning.
Your glossy black scales are hard. (AC +7)
You cannot fit into any form of body armour.
You are resistant to electric shocks. (rElec)
You are cold-blooded and may be slowed by cold attacks.
Your life essence is reduced to manifest your ancestor. (-10% HP)


Message History

The orc hits Aylmer with a +0 flail.
The orc warrior hits you from afar with a +0 glaive!!
Aylmer casts a spell at the orc.
The orc struggles to resist.
Aylmer hits the orc with a +0 dagger of draining.
Aylmer drains the orc.
The orc dies!
Unknown command.
You barely miss the orc priest.
The orc priest hits you but does no damage.
Aylmer points at the orc priest and mumbles some strange words.
The orc priest seems to slow down.
The orc warrior barely misses you. The orc priest misses you.
You closely miss the orc priest.
The orc warrior hits you from afar with a +0 glaive!
* * * LOW HITPOINT WARNING * * *
Aylmer gestures at the orc priest while chanting.
The orc priest seems to slow down.
The orc warrior hits you from afar with a +0 glaive!!
You die...

#.# ## ##.##
...##...## .#
..........#
.......##...#######
#................#
....###.######.#
##.####.# #..@oR.##
#####o..# #.)...#
#.......#
#.........#
+.........+
#.........#
##.......##
##.....##


You could see the friendly Aylmer the hexer, an orc warrior and an orc priest.

Vanquished Creatures
  A two-headed ogre (D:7)
  Sigmund (D:2)
  An orc warrior (D:7)
  A necrophage (D:6)
  2 sky beasts (D:7)
  2 ogres
  A bullfrog (D:7)
  3 scorpions
  A bullfrog zombie (D:6)
  3 hounds
  A jelly (D:5)
  A gnoll shaman (D:5)
  2 orc priests
  2 orc wizards
  Terence (D:3)
  An iguana (D:4)
  2 worker ants
  A hound skeleton (D:4)
  9 gnolls
  7 adders
  2 shadow imps
  3 oozes
  4 worms
  A dart slug (D:1)
  10 orcs
  6 giant cockroaches
  3 goblins (D:3)
  4 hobgoblins
  8 jackals
  A quokka (D:6)
  3 ball pythons
  3 bats
  7 frilled lizards
  A jackal zombie (D:6)
  6 kobolds
  A quokka skeleton (D:4)
  7 rats
113 creatures vanquished.

Vanquished Creatures (collateral kills)
  A sky beast (D:6)
  A crocodile (Sewer)
  A bullfrog (D:7)
  A howler monkey (D:5)
  A hound (D:6)
  2 orc priests (D:7)
  Ijyb (D:5)
  2 orc wizards
  A worker ant (D:4)
  An adder (D:6)
  A gnoll (D:5)
  5 orcs
  A giant cockroach (D:6)
19 creatures vanquished.

Vanquished Creatures (others)
  2 hexers (D:7)
2 creatures vanquished.

Grand Total: 134 creatures vanquished

Notes
Turn   | Place    | Note
-------+----------+-------------------------------------------
     0 | D:1      | KristoblXynda the Draconian Monk began the quest for the
                  | Orb.
     0 | D:1      | Reached XP level 1. HP: 19/19 MP: 1/1
   822 | D:2      | Noticed Sigmund
   888 | D:2      | Reached XP level 2. HP: 21/26 MP: 2/2
  1171 | D:2      | Reached XP level 3. HP: 9/31 MP: 3/3
  1592 | D:2      | Killed Sigmund
  1592 | D:2      | Reached skill level 4 in Long Blades
  1592 | D:2      | Reached XP level 4. HP: 27/41 MP: 4/4
  1592 | D:2      | Reached XP level 5. HP: 31/47 MP: 5/5
  1834 | D:3      | Reached skill level 5 in Long Blades
  2365 | D:3      | Reached XP level 6. HP: 34/53 MP: 6/6
  2497 | D:3      | Noticed Terence
  2514 | D:3      | Killed Terence
  3369 | D:4      | Reached skill level 5 in Fighting
  3519 | D:4      | Found a snail-covered altar of Cheibriados.
  3723 | D:4      | Found a hazy altar of Hepliaklqana.
  3726 | D:4      | Found a blossoming altar of Fedhas.
  3834 | D:4      | Became a worshipper of Hepliaklqana the Forgotten
  3834 | D:4      | Reached * piety under Hepliaklqana
  3834 | D:4      | Reached ** piety under Hepliaklqana
  3853 | D:4      | Remembered your ancestor Aylmer as a hexer
  4188 | D:4      | Reached skill level 6 in Long Blades
  4188 | D:4      | Your scales start taking on a glossy black colour.
  4188 | D:4      | Reached XP level 7. HP: 54/54 MP: 7/7
  4188 | D:4      | Gained mutation: You are resistant to electric shocks.
                  | (rElec) [Black Draconian growth]
  4355 | D:4      | Reached skill level 1 in Evocations
  4469 | D:5      | Entered Level 5 of the Dungeon
  4804 | D:5      | Noticed Ijyb
  4810 | D:5      | Killed Ijyb
  4846 | D:5      | Found a bloodstained altar of Trog.
  5327 | D:6      | Reached skill level 7 in Long Blades
  5395 | D:6      | Reached skill level 5 in Dodging
  5395 | D:6      | Reached XP level 8. HP: 49/61 MP: 8/10
  5414 | D:6      | Found Colo's Food Shoppe.
  5445 | D:6      | Found a glowing drain.
  5464 | D:6      | Reached *** piety under Hepliaklqana
  5478 | Sewer    | Entered a sewer
  5668 | D:6      | Found a staircase to the Ecumenical Temple.
  5679 | Temple   | Entered the Ecumenical Temple
  6082 | D:7      | Reached skill level 1 in Invocations
  6255 | D:7      | Noticed a two-headed ogre
  6314 | D:7      | Killed a two-headed ogre
  6314 | D:7      | Reached skill level 8 in Long Blades
  6314 | D:7      | Reached XP level 9. HP: 28/66 MP: 10/12
  6770 | D:7      | Reached skill level 5 in Evocations
  7013 | D:7      | Mangled by an orc warrior

Levels and vault maps discovered:
D:1:      lightli_arrival_statue_moat, layout_loops_corners
D:2:      layout_rooms, minmay_pentomino_p2, uniq_sigmund
D:3:      layout_basic, serial_bayou_pond_a, uniq_terence
D:4:      layout_loops_corners, grunt_temple_overflow_diamond, dk_noncrumbling_2
D:5:      layout_basic, lightli_temple_of_fire, first_ration,
          skrybe_limestone_x, st_stairs_1, kennysheep_generic_room_8, uniq_ijyb
D:6:      layout_rooms, minmay_temple_entry_hall, serial_shops, shop,
          gup_sewer_entry_glass
D:7:      layout_loops_corners, serial_shops, shop
Temple:   eino_temple_scatter_basement

Skill      XL: |  1  2  3  4  5  6  7  8  9 |
---------------+----------------------------+-----
Stealth        | 2 |  2.0
Dodging        | 3 4 5 6 |  6.5
Fighting       | 4 5 |  5.0
Long Blades    | 4 5 6 7 8 |  8.7
Evocations     | 2 4 5 |  5.2
Invocations    | 3 4 |  4.0

Action                   |  1- 3 |  4- 6 |  7- 9 || total
-------------------------+-------+-------+-------++-------
Melee: Falchion          |    60 |       |       ||    60
       Tailslap          |     9 |    11 |    17 ||    37
       Scythe            |       |   106 |   142 ||   248
Invok: Ancestor Life: He |       |     1 |       ||     1
Evoke: Wand              |     6 |     1 |     1 ||     8
  Use: Scroll            |       |     9 |     8 ||    17
 Stab: Sleeping          |     4 |     3 |     3 ||    10
       Confused          |       |       |     1 ||     1
       Distracted        |       |       |     1 ||     1
  Eat: Chunk             |     1 |    20 |     9 ||    30
Armor: Skin              |    20 |    36 |    76 ||   132
Dodge: Dodged            |    36 |   122 |   180 ||   338
       Rpst.: Falchion   |    13 |       |       ||    13

Table legend:
 A = Non-vault XP
 B = Vault XP
 C = Vault XP percentage of total XP
 D = Non-vault monster count
 E = Vault monster count
 F = Vault count percentage of total count
                 A         B        C        D         E       F
            +---------+---------+-------+---------+---------+-------
      Total |    3386 |     430 |  11.3 |     118 |      14 |  10.6
            +---------+---------+-------+---------+---------+-------
        D:1 |       8 |       0 |   0.0 |       5 |       0 |   0.0
        D:2 |      48 |     221 |  82.2 |      17 |       2 |  10.5
        D:3 |     189 |      38 |  16.7 |      27 |       1 |   3.6
        D:4 |     341 |       0 |   0.0 |      23 |       0 |   0.0
        D:5 |     334 |      36 |   9.7 |      12 |       1 |   7.7
        D:6 |     614 |      20 |   3.2 |      13 |       4 |  23.5
        D:7 |    1852 |       0 |   0.0 |      21 |       0 |   0.0
      Sewer |       0 |     115 | 100.0 |       0 |       6 | 100.0
            +---------+---------+-------+---------+---------+-------
